 Dungeon Crawl Stone Soup version 0.29.1-15-g9cfb28693d (webtiles) character file.

Game seed: 17989980100423681264

9 growler the Slasher (level 2, 21/22 HPs)
             Began as a Demonspawn Gladiator on Mar 13, 2023.
             Quit the game on level 1 of the Dungeon.
             The game lasted 00:00:25 (251 turns).

growler the Slasher (Demonspawn Gladiator)           Turns: 251, Time: 00:00:25

Health: 21/22      AC:  4    Str: 14    XL:     2   Next: 3%
Magic:  2/2        EV: 12    Int:  9    God:
Gold:   22         SH:  4    Dex: 14    Spells: 1/1 levels left

rFire   . . .      SeeInvis .   a - +0 long sword
rCold   . . .      Faith    .   (no shield)
rNeg    . . .      Spirit   .   b - +0 leather armour
rPois   .          Reflect  .   c - +0 helmet
rElec   .          Harm     .   (no cloak)
rCorr   .          Rampage  .   (no gloves)
Will    .....                   (no boots)
Stlth   +.........              (no amulet)
HPRegen 0.07/turn               (no ring)
MPRegen 0.08/turn               (no ring)

@: no status effects
A: condensation shield
a: no special abilities


You were on level 1 of the Dungeon.
You visited 1 branch of the dungeon, and saw 1 of its levels.

You collected 22 gold pieces.

Inventory:

Hand Weapons
 a - a +0 long sword (weapon)
Missiles
 d - 3 throwing nets (quivered)
 e - a javelin
Armour
 b - a +0 leather armour (worn)
 c - a +0 helmet (worn)
Scrolls
 g - a scroll of blinking {unknown}
Potions
 f - a potion of curing {unknown}
 h - a potion of heal wounds {unknown}


   Skills:
 - Level 2.0 Fighting
 + Level 3.2 Long Blades
 - Level 1.7 Throwing
 - Level 2.6 Dodging


You had one spell level left.
You didn't know any spells.
Your spell library was empty.

Dungeon Overview and Level Annotations

Branches:
Dungeon (1/15)

Altars:


Innate Abilities, Weirdness & Mutations

A meltable shield of frost defends you. (SH +4)


Message History

The jackal barely misses you. x2
Your Long Blades skill increases to level 3!
You hit the frilled lizard.
You kill the frilled lizard!
The jackal bites you. The jackal closely misses you.
You hit the jackal.
You kill the jackal!
No target in view!
You now have 22 gold pieces (gained 15).
g - a scroll labelled ANUOBIT MEINI
Things that are here:
a frilled lizard corpse; a jackal corpse
Found a stone staircase leading down.
h - a fuming grey potion A kobold comes into view.
It is wielding a +0 club.
The kobold shouts!
A gnoll comes into view. It is wielding a +0 club.
An endoplasm comes into view.
You closely miss the kobold. The kobold barely misses you.
The kobold closely misses you.
You closely miss the kobold. The kobold misses you.
You hit the kobold but do no damage. The kobold barely misses you.
You closely miss the kobold. The kobold hits you but does no damage.
You closely miss the kobold.
The endoplasm hits you but does no damage.
The kobold hits you but does no damage.
The endoplasm hits you but does no damage.
A gnoll opens the door.
The kobold barely misses you.
You hit the kobold.
You kill the kobold!
The endoplasm hits you.
You hit the endoplasm.
The endoplasm is heavily wounded.
The endoplasm closely misses you.
You slash the endoplasm!
You kill the endoplasm!
You have reached level 2!
Your demonic ancestry asserts itself...
Frost condenses into a shield before you.
Are you sure you want to abandon this character and quit the game? (Confirm with "yes".)

###....>..#.# #....#
#.........#.####..######
#.>..#....#...##........
#....#.##.###.##........
#..^.#.##.# #.##..⌠....'
######..#.###.##......##
##.#.....##....####
###......#....#...
#@.....#.#...##.#.
......).#....+....'#..#.
#............#....#..###
..##.....##+#....#####
...g...##....#.#
.###....+....##.# #
#....#....##. '....#.##
#. #.


You could see a gnoll.

Vanquished Creatures
  A ball python (D:1)
  An endoplasm (D:1)
  A giant cockroach (D:1)
  2 jackals (D:1)
  A frilled lizard (D:1)
  A kobold (D:1)
  A rat (D:1)
8 creatures vanquished.

Notes
Turn   | Place    | Note
-------+----------+-------------------------------------------
     0 | D:1      | growler the Demonspawn Gladiator began the quest for the
                  | Orb.
     0 | D:1      | Reached XP level 1. HP: 16/16 MP: 1/1
   104 | D:1      | Reached skill level 3 in Long Blades
   251 | D:1      | Gained mutation: A meltable shield of frost defends you.
                  | (SH +4) [demonic ancestry]
   251 | D:1      | Reached XP level 2. HP: 21/22 MP: 2/2
   251 | D:1      | Quit the game

Illustrated notes

Levels and vault maps discovered:
D:1:      nicolae_arrival_somewhat_less_tricky_arrival, layout_basic,
          chequers_ecumenical_altar_simple, minmay_misc_feat_iff, minivault_25

Skill      XL: |  1 |
---------------+----+-----
Long Blades    | 3 |  3.2
Fighting       | |  2.0
Throwing       | |  1.7
Dodging        | |  2.6

Action                   || total
-------------------------++-------
Melee: Long sword        ||    19
Armor: Leather armour    ||    14
Dodge: Dodged            ||    21
